 Dungeon Crawl Stone Soup version 0.25.1-2-g60ff931df9 (webtiles) character file.

Game seed: 1981986767686809360

25377 DerDa the Thaumaturge (level 12, 0/101 HPs)
             Began as a Purple Draconian Conjurer on Nov 14, 2020.
             Was an Elder of Sif Muna.
             Slain by a minotaur
             ... wielding a +0 trident
              (28 damage)
             ... in a Gauntlet on Nov 15, 2020.
             The game lasted 01:17:26 (20824 turns).

DerDa the Thaumaturge (Purple Draconian Conjurer)  Turns: 20824, Time: 01:17:26

Health: 0/101      AC: 10    Str: 17    XL:     12   Next: 89%
Magic:  15/28      EV: 17    Int: 26    God:    Sif Muna [****..]
Gold:   320        SH:  0    Dex: 16    Spells: 22/36 levels left

rFire    . . .     SeeInvis .   G - +2 quarterstaff of Qoschirikh {vorpal, +Rage rC- MR+ Dex+6} (curse)
rCold    x . .     Gourm    .   (shield currently unavailable)
rNeg     . . .     Faith    .   (armour unavailable)
rPois    +         Spirit   .   u - +0 hat "Vegyskiu" {Int+3}
rElec    .         Reflect  .   p - +0 cloak {rPois}
rCorr    .         Harm     .   w - +0 pair of gloves
MR       ++...     NoTele   +   (no boots)
Stlth    ++........             r - amulet of the acrobat
HPRegen  0.26/turn              U - +4 ring of protection
MPRegen  0.21/turn              c - ring "Dite" {AC-4 Str+6 Int+3 Dex-2} (curse)

@: no status effects
A: breathe power, unfitting armour, cold-blooded, AC +8
a: Breathe Dispelling Energy, Channel Magic, Forget Spell, Divine Exegesis,
Renounce Religion, Evoke Berserk Rage


You were in a Gauntlet.
You worshipped Sif Muna.
Sif Muna was greatly pleased with you.
You were near starving.

You visited 3 branches of the dungeon, and saw 16 of its levels.
You also visited: Sewer, Ossuary and Gauntlet.

You collected 1071 gold pieces.
You spent 751 gold pieces at shops.

Inventory:

Hand Weapons
 g - a +0 hunting sling
 F - a +2 spear of flaming
 G - the cursed +2 quarterstaff of Qoschirikh (weapon) {vorpal, +Rage rC- MR+ Dex+6}
   (You bought it in a shop on level 12 of the Dungeon)

   It inflicts extra damage upon your enemies.
   It affects your dexterity (+6).
   It makes you vulnerable to cold.
   It affects your resistance to hostile enchantments.
   It lets you go berserk.
   It has a curse placed upon it.
 O - the +8 hand axe "Nygg" {vamp, rElec MR++ Str+8 Dex-5}
   (You bought it in a shop on level 12 of the Dungeon)

   It inflicts no extra harm, but heals its wielder when it wounds a living foe.
   It affects your strength (+8).
   It affects your dexterity (-5).
   It insulates you from electricity.
   It affects your resistance to hostile enchantments.
 Q - a +1 scimitar of flaming
Missiles
 h - 158 sling bullets
 j - 13 curare-tipped darts (quivered)
 D - 22 poisoned darts
Armour
 l - a scarf of resistance
 p - a +0 cloak of poison resistance (worn)
 u - the +0 hat "Vegyskiu" (worn) {Int+3}
   (You found it in a Gauntlet)

   It affects your intelligence (+3).
 w - a +0 pair of gloves (worn)
 y - a +0 buckler
Magical Staves
 z - an uncursed staff of conjuration
 I - an uncursed staff of energy {unknown}
Jewellery
 c - the cursed ring "Dite" (right hand) {AC-4 Str+6 Int+3 Dex-2}
   (You found it in a Gauntlet)

   [ring of protection]

   It affects your AC (-4).
   It affects your strength (+6).
   It affects your intelligence (+3).
   It affects your dexterity (-2).
   It has a curse placed upon it.
 r - an amulet of the acrobat (around neck)
 T - a +6 ring of strength
 U - a +4 ring of protection (left hand)
 V - an uncursed ring of protection from fire
Wands
 q - a wand of polymorph (11)
 J - a wand of iceblast (17)
 K - a wand of flame (66)
 M - a wand of acid (11)
 N - a wand of clouds (2)
 S - a wand of disintegration (21)
Scrolls
 a - 6 scrolls of blinking
 s - 6 scrolls of fog
 t - 11 scrolls of teleportation
 v - 4 scrolls of fear
 x - 4 scrolls of remove curse
 B - 3 scrolls of enchant armour
 L - a scroll of immolation
 R - 3 scrolls of magic mapping
 Z - a scroll of vulnerability
Potions
 d - 5 potions of heal wounds
 e - 5 potions of flight
 i - a potion of invisibility
 k - 4 potions of might
 m - a potion of magic
 n - 2 potions of ambrosia
 o - 4 potions of cancellation
 A - 7 potions of curing
 C - 3 potions of stabbing {unknown}
 H - 2 potions of haste {unknown}
Miscellaneous
 P - a phial of floods (inert)
Comestibles
 b - 35 rations


   Skills:
 + Level 7.8 Fighting
 + Level 6.8 Dodging
 - Level 1.7 Stealth
 + Level 1.2 Shields
 * Level 12.7 Spellcasting
 * Level 12.1 Conjurations
 + Level 7.9 Hexes
 - Level 7.0 Translocations
 + Level 1.4 Invocations
 + Level 1.5 Evocations


You had 22 spell levels left.
You knew the following spells:

 Your Spells              Type           Power        Failure   Level  Hunger
a - Magic Dart            Conj           ####         1%          1    None
b - Searing Ray           Conj           ######       1%          2    None
c - Dazzling Flash        Conj/Hex       ######       1%          3    None
d - Fulminant Prism       Conj/Hex       ######....   1%          4    None
e - Iskenderun's Mystic   Conj/Tloc      ######..     1%          4    None

Your spell library contained the following spells:

 Spells                   Type           Power        Failure   Level  Hunger
 Foxfire                  Conj/Fire      ####         1%          1    None
 Summon Guardian Golem    Hex/Summ       #####...     1%          3    None
 Beastly Appendage        Tmut           ###...       3%          1    None
 Summon Small Mammal      Summ           ###.         3%          1    None
 Call Imp                 Summ           ###.....     5%          2    None
 Sticks to Snakes         Tmut           ###.....     5%          2    None
 Irradiate                Conj/Tmut      #####.....   8%          5    ###....
 Call Canine Familiar     Summ           ###.....     11%         3    None
 Spider Form              Tmut/Pois      ###.......   11%         3    None
 Ice Form                 Ice/Tmut       ###.....     34%         4    None
 Summon Ice Beast         Ice/Summ       ###.....     34%         4    None
 Summon Lightning Spire   Summ/Air       ###.....     34%         4    None
 Blade Hands              Tmut           ###.......   67%         5    ###....
 Hydra Form               Tmut           ###.......   99%         6    #####..
 Statue Form              Tmut/Erth      ###......    99%         6    #####..
 Dragon Form              Tmut           ###.......   100%        7    ######.


Dungeon Overview and Level Annotations

Branches:
Dungeon (12/15)            Temple (1/1) D:7            Lair (3/6) D:8
 Shoals (0/4) Lair:3          Orc (0/2) D:12          Sewer (visited)
Ossuary (visited)         Gauntlet (1/1)
  Snake: Lair:2-4    Spider: Lair:2-4

Altars:
Ashenzari
Cheibriados
Dithmenos
Elyvilon
Fedhas
Gozag
Hepliaklqana
Kikubaaqudgha
Makhleb
Nemelex Xobeh
Okawaru
Qazlal
Ru
Sif Muna
Trog
Uskayaw
Vehumet
Wu Jian
Xom
Yredelemnul
Zin
The Shining One

Shops:
D:8 ?   D:11 :   D:12 (

Portals:
Trove: D:12 (give +2 ice dragon scales)

Annotations:
D:10 1 runed translucent door, Tadifisergh's ghost, novice DECj Gauntlet 8 transporters


Innate Abilities, Weirdness & Mutations

You can breathe bolts of dispelling energy.
Your rich purple scales are hard. (AC +8)
You cannot fit into any form of body armour.
You are cold-blooded and may be slowed by cold attacks.


Message History

Your larval batsting beast dies!
Your larval batsting beast's corpse disappears in a puff of smoke!
Your fulminant prism explodes!
The blast of energy engulfs the minotaur!
The minotaur is severely wounded.
Unknown command.
Evoke which item? (* to show all) (? for menu, Esc to quit)
Okay, then.
Evoke which item? (* to show all) (? for menu, Esc to quit)
Aiming: Disintegrate
Press: ? - help, Shift-Dir - straight line, f - minotaur
Aim: a minotaur, wielding a +0 trident, wearing a cursed +0 plate armour and wearing an uncursed amulet of magic regeneration (black smoke, severely wounded, very poisoned, waterlogged, chance to defeat MR: 11%)
The minotaur resists with almost no effort.
Evoke which item? (* to show all) (? for menu, Esc to quit)
Aiming: Disintegrate
Press: ? - help, Shift-Dir - straight line, f/p - minotaur
Aim: a minotaur, wielding a +0 trident, wearing a cursed +0 plate armour and wearing an uncursed amulet of magic regeneration (severely wounded, very poisoned, waterlogged, chance to defeat MR: 11%)
The minotaur resists with almost no effort.
The minotaur hits you from afar with a +0 trident!!
You die...

#######.#
#.(.(*#(#
#.###.#(#
#.# #.#.#
#(# #H#.#
#(# #.#.#
#(# ..#.#
#(#####(#
#≈≈.H§@.#
#########


You could see a minotaur (very poisoned, waterlogged).

Vanquished Creatures
  A blizzard demon (Gauntlet)
  Erolcha (D:9)
  Erica (D:10)
  Sonja (Lair:1)
  An unseen horror (D:12)
  A deep elf mage (D:12)
  2 oklob plants (Lair:2)
  2 ugly things (D:12)
  The ghost of Divind the Shield-Bearer, a novice FoFi (D:6)
  Maurice (D:11)
  An ice statue (Gauntlet)
  A black mamba (Lair:1)
  3 spiny frogs
  A torpor snail (Gauntlet)
  2 centaur skeletons (D:12)
  3 rime drakes
  2 ice devils (Gauntlet)
  3 komodo dragons
  2 polar bears (Lair:2)
  2 trolls
  Grinder (D:3)
  3 slime creatures
  3 hippogriffs
  Sigmund (D:3)
  A wyvern (Lair:2)
  32 yaks
  3 hungry ghosts
  A basilisk (Lair:2)
  6 water moccasins
  8 porcupines
  3 black bears
  An orc warrior (D:11)
  5 ice beasts
  2 sky beasts
  4 ogres
  2 phantoms
  5 centaurs
  3 crocodiles
  5 big kobolds
  Blork the orc (D:4)
  9 bullfrogs
  2 elf skeletons (D:5)
  A wyvern skeleton (D:12)
  12 killer bees
  5 wights (D:12)
  3 electric eels
  2 centaur zombies
  4 crimson imps
  A quasit (D:12)
  8 hounds
  A jelly (D:8)
  5 orc priests
  Crazy Yiuf (D:3)
  2 iguanas
  11 orc wizards
  Natasha (thrice) (D:2)
  3 human skeletons (D:5)
  12 worker ants
  5 big kobold zombies (Ossuary)
  2 hound zombies
  2 hound skeletons
  3 mummies (Ossuary)
  Robin (D:2)
  A howler monkey skeleton (D:8)
  8 gnolls
  10 adders
  4 river rats (D:4)
  A shadow imp (D:12)
  5 adder zombies
  A dart slug (D:2)
  4 worms (D:4)
  5 leopard geckos
  35 orcs
  3 ball pythons
  8 bats
  8 giant cockroaches
  2 gnoll zombies (Ossuary)
  15 goblins
  8 hobgoblins
  15 jackals
  24 kobolds
  6 quokkas
  3 frilled lizards
  7 goblin zombies (Ossuary)
  3 hobgoblin zombies (Ossuary)
  4 jackal zombies (Ossuary)
  4 kobold zombies (Ossuary)
  An orc skeleton (D:5)
  2 orc zombies (Ossuary)
  3 quokka zombies (Ossuary)
  14 rats
  2 plants (D:3)
426 creatures vanquished.

Vanquished Creatures (others)
  A white imp (Gauntlet)
  80 fulminant prisms
  3 fungi (Lair:2)
  19 plants
103 creatures vanquished.

Grand Total: 529 creatures vanquished

Notes
Turn   | Place    | Note
-------+----------+-------------------------------------------
     0 | D:1      | DerDa the Draconian Conjurer began the quest for the Orb.
     0 | D:1      | Reached XP level 1. HP: 14/14 MP: 3/3
   388 | D:1      | Reached XP level 2. HP: 20/20 MP: 1/5
   461 | D:1      | Learned a level 2 spell: Searing Ray
  1156 | D:2      | Reached XP level 3. HP: 26/26 MP: 1/7
  1404 | D:2      | Noticed Natasha
  1409 | D:2      | Killed Natasha
  1409 | D:2      | Reached XP level 4. HP: 19/33 MP: 3/8
  1539 | D:2      | Noticed Robin
  1740 | D:2      | Killed Robin
  1740 | D:2      | Reached skill level 5 in Conjurations
  1774 | D:2      | Noticed Natasha
  1855 | D:2      | Killed Natasha
  2182 | D:2      | Noticed Natasha
  2187 | D:2      | Killed Natasha
  2187 | D:2      | Reached XP level 5. HP: 38/38 MP: 6/10
  2235 | D:3      | Noticed Grinder
  2243 | D:3      | Killed Grinder
  2243 | D:3      | Reached XP level 6. HP: 45/45 MP: 1/12
  2952 | D:3      | Noticed Sigmund
  2964 | D:3      | Killed Sigmund
  2964 | D:3      | Reached skill level 5 in Spellcasting
  2964 | D:3      | Your scales start taking on a rich purple colour.
  2964 | D:3      | Reached XP level 7. HP: 42/50 MP: 6/16
  3009 | D:3      | Learned a level 3 spell: Dazzling Flash
  3014 | D:3      | Learned a level 4 spell: Fulminant Prism
  3019 | D:3      | Learned a level 4 spell: Iskenderun's Mystic Blast
  3485 | D:3      | Found a runed translucent door.
  3486 | D:3      | Noticed Crazy Yiuf
  3493 | D:3      | Killed Crazy Yiuf
  3609 | D:3      | Found a blossoming altar of Fedhas.
  3609 | D:3      | Found a white marble altar of Elyvilon.
  3769 | D:4      | Found a stormy altar of Qazlal.
  3951 | D:4      | Noticed Blork the orc
  3962 | D:4      | Killed Blork the orc
  4104 | D:4      | Reached skill level 1 in Fighting
  4134 | D:4      | Found a glowing drain.
  4147 | Sewer    | Entered a sewer
  4154 | Sewer    | Reached skill level 1 in Hexes
  4418 | Sewer    | Reached skill level 1 in Translocations
  4526 | Sewer    | Found a white marble altar of Elyvilon.
  4899 | D:4      | Reached XP level 8. HP: 56/59 MP: 12/18
  5305 | D:5      | Entered Level 5 of the Dungeon
  5329 | D:5      | Found an iron altar of Okawaru.
  5330 | D:5      | Found a sparkling altar of Nemelex Xobeh.
  5332 | D:5      | Found a shimmering altar of Xom.
  5333 | D:5      | Found a shattered altar of Ashenzari.
  5388 | D:5      | Found a sand-covered staircase.
  5404 | Ossuary  | Entered an ossuary
  7685 | D:6      | Found a runed translucent door.
  7690 | D:6      | Noticed Divind's ghost (novice FoFi)
  7909 | D:6      | Found a sparkling altar of Nemelex Xobeh.
  7917 | D:6      | Reached XP level 9. HP: 67/69 MP: 14/21
  8866 | D:6      | Killed Divind's ghost
  9154 | D:7      | Found a faded altar of an unknown god.
  9164 | D:7      | Found a staircase to the Ecumenical Temple.
  9178 | Temple   | Entered the Ecumenical Temple
  9935 | D:7      | Found an ornate altar of the Wu Jian Council.
 10021 | D:7      | Found a radiant altar of Vehumet.
 10029 | D:7      | Identified Vehumet's Volume of Battle Magic
 10040 | D:7      | Found an ancient bone altar of Kikubaaqudgha.
 10050 | D:7      | Found a shimmering blue altar of Sif Muna.
 10066 | D:7      | Became a worshipper of Sif Muna the Loreminder
 10456 | D:8      | Identified the +8 dagger "Okouseha" {holy, Int+2}
 10603 | D:8      | Noticed a komodo dragon
 10640 | D:8      | Killed a komodo dragon
 10640 | D:8      | Reached XP level 10. HP: 28/80 MP: 0/23
 10935 | D:8      | Found a staircase to the Lair.
 11198 | D:8      | Found Fetaph's Magic Scroll Shop.
 11206 | D:8      | Bought a scroll of random uselessness for 12 gold pieces
 11206 | D:8      | Bought a scroll of identify for 24 gold pieces
 11206 | D:8      | Bought a scroll of teleportation for 36 gold pieces
 11206 | D:8      | Bought a scroll of identify for 24 gold pieces
 11206 | D:8      | Bought a scroll of identify for 24 gold pieces
 11206 | D:8      | Bought a scroll of teleportation for 36 gold pieces
 11579 | D:9      | You fall into a shaft and drop 3 floors!
 11580 | D:12     | Noticed a purple ugly thing
 11584 | D:12     | Found Sayta's Antique Weapon Emporium.
 11584 | D:12     | Noticed a red ugly thing
 11590 | D:12     | Reached * piety under Sif Muna
 11593 | D:12     | Killed a red ugly thing
 11646 | D:12     | Bought a fine hand axe for 280 gold pieces
 11646 | D:12     | Identified the +8 hand axe "Nygg" {vamp, rElec MR++ Str+8
                  | Dex-5} (You bought it in a shop on level 12 of the Dungeon)
 11821 | D:10     | Entered Level 10 of the Dungeon
 11972 | D:10     | Noticed Erica
 11983 | D:10     | Killed Erica
 11983 | D:10     | Reached skill level 5 in Fighting
 11983 | D:10     | Reached skill level 10 in Spellcasting
 11983 | D:10     | Reached skill level 5 in Hexes
 12336 | D:10     | Found a runed translucent door.
 12349 | D:10     | Reached skill level 10 in Conjurations
 12349 | D:10     | Reached skill level 5 in Translocations
 12356 | D:10     | Noticed Tadifisergh's ghost (novice DECj)
 13064 | D:9      | Reached ** piety under Sif Muna
 13093 | D:9      | Noticed Erolcha
 13099 | D:9      | Reached skill level 5 in Dodging
 13108 | D:9      | Killed Erolcha
 13108 | D:9      | Reached XP level 11. HP: 83/89 MP: 1/25
 13870 | D:9      | Found a glowing golden altar of the Shining One.
 13879 | D:9      | Found a basalt altar of Yredelemnul.
 13948 | D:9      | You fall into a shaft and drop 1 floor!
 14213 | D:9      | Noticed an angel
 14374 | D:11     | Found Zaqoeh's Book Boutique.
 14417 | D:11     | Found a shimmering altar of Xom.
 14779 | D:11     | Reached *** piety under Sif Muna
 14987 | D:11     | Noticed Maurice
 14996 | D:11     | Killed Maurice
 15301 | D:12     | Killed a purple ugly thing
 15883 | D:12     | Noticed a deep elf mage
 15891 | D:12     | Killed a deep elf mage
 16298 | D:12     | Found a staircase to the Orcish Mines.
 16344 | D:12     | Killed an unseen horror
 16596 | D:12     | Found a portal to a secret trove of treasure.
 16711 | D:12     | Bought a masterwork quarterstaff for 315 gold pieces
 16711 | D:12     | Identified the cursed +2 quarterstaff of Qoschirikh
                  | {vorpal, +Rage rC- MR+ Dex+6} (You bought it in a shop on
                  | level 12 of the Dungeon)
 16822 | Lair:1   | Entered Level 1 of the Lair of Beasts
 16924 | Lair:1   | Reached XP level 12. HP: 90/97 MP: 20/27
 17406 | Lair:1   | Noticed Sonja
 17425 | Lair:1   | Killed Sonja
 17699 | Lair:2   | Reached **** piety under Sif Muna
 19374 | Lair:3   | Noticed a death yak
 19374 | Lair:3   | Noticed a death yak
 19374 | Lair:3   | Noticed a death yak
 19374 | Lair:3   | Noticed a death yak
 19423 | Lair:3   | Found a gate leading to a gauntlet.
 19438 | Gauntlet | Entered a Gauntlet
 19438 | Gauntlet | Found a transporter.
 19445 | Gauntlet | Found a transporter.
 19447 | Gauntlet | Found a transporter.
 19458 | Gauntlet | Found a transporter.
 19475 | Gauntlet | Found a transporter.
 19482 | Gauntlet | Found a transporter.
 19491 | Gauntlet | Noticed a blizzard demon
 19494 | Gauntlet | Found a transporter.
 19505 | Gauntlet | Found a transporter.
 19507 | Gauntlet | Noticed a five-headed hydra
 19519 | Gauntlet | Found a transporter.
 19533 | Gauntlet | Found a transporter.
 19575 | Gauntlet | Found a transporter.
 19589 | Gauntlet | Found a transporter.
 19593 | Gauntlet | Noticed a five-headed hydra
 19600 | Gauntlet | Found a transporter.
 19625 | Gauntlet | Found a transporter.
 19914 | Gauntlet | Reached skill level 1 in Evocations
 19914 | Gauntlet | Reached skill level 1 in Invocations
 19918 | Gauntlet | Reached skill level 1 in Shields
 20025 | Gauntlet | HP: 1/101 [blizzard demon/bolt of lightning (18)]
 20026 | Gauntlet | Killed a blizzard demon
 20367 | Gauntlet | Got a bound platinum ring
 20370 | Gauntlet | Got a crude hat
 20380 | Gauntlet | Identified the +0 hat "Vegyskiu" {Int+3} (You found it in a
                  | Gauntlet)
 20382 | Gauntlet | Identified the cursed ring "Dite" {AC-4 Str+6 Int+3 Dex-2}
                  | (You found it in a Gauntlet)
 20440 | Gauntlet | Noticed a minotaur
 20824 | Gauntlet | Slain by a minotaur

Illustrated notes

Levels and vault maps discovered:
D:1:      evilmike_arrival_fibonacci_small, layout_basic,
          chequers_serial_rivers_micro_e
D:2:      layout_rooms, uniq_robin, uniq_natasha
D:3:      layout_rooms, gammafunk_temple_overflow_elements, first_ration,
          serial_bayou, serial_bayou_lake_a, serial_bayou_pond_a,
          serial_bayou_pond_a, serial_bayou_lagoon_a, uniq_grinder,
          uniq_crazy_yiuf_cottage, uniq_sigmund
D:4:      layout_cave_pods, lightli_sewer_entry_pipes,
          nicolae_qazlal_general_emergency, uniq_blork_the_orc
D:5:      layout_basic, minitemple, nicolae_ossuary_entry_catacombs
D:6:      layout_basic, ebering_ghost_reflecting_pool, skrybe_limestone_x,
          nemelex_xobeh_ov_fountains_minmay
D:7:      layout_cave_pools, palyth_temple_overflow_mages,
          nicolae_overflow_hidden_temple, nicolae_temple_entry_ecumenical
D:8:      layout_cave_pools, david_lair_shrubbed, serial_shops,
          nicolae_shop_competitors_out_of_business, blue_anna_alchemist
          [blue_anna_fruit_fields, blue_anna_fruit_fields]
D:9:      layout_roguey, grunt_temple_overflow_holy_war, uniq_erolcha
D:10:     layout_roguey, ebering_ghost_reflecting_pool, uniq_erica
D:11:     layout_rooms, serial_shops, shop, basic_altar, uniq_maurice
D:12:     layout_loops_ring, orc_0_dummy, nicolae_trove_entry_crystal,
          serial_shops, shop
Temple:   dpeg_chambers_temple
Lair:1:   layout_big_grid, serial_bayou_ford_a, uniq_sonja
Lair:2:   layout_chaotic_city, st_stairs_12, nicolae_quartered_pool_little,
          gammafunk_lair_bear_cave, grunt_megastairs_4, serial_bayou_shore_b,
          minmay_lair_oklob_chamber
Lair:3:   layout_regular_city, minmay_shoals_entry_lonely_mermaid,
          gauntlet_entry_generic, forest_entry_grove
Gauntlet: minmay_gauntlet_77_tree [minmay_gauntlet_arena_77_braids,
          minmay_gauntlet_arena_77_block_sizes,
          minmay_gauntlet_arena_77_chump_sandwich,
          minmay_gauntlet_arena_77_two_lines, minmay_gauntlet_arena_77_box,
          minmay_gauntlet_arena_77_two_paths,
          minmay_gauntlet_arena_77_radiant_squares, gauntlet_exit_spiral]

Skill      XL: |  1  2  3  4  5  6  7  8  9 10 11 12 |
---------------+-------------------------------------+-----
Spellcasting   | 3 4 6 7 8 9 10 11 12 | 12.7
Conjurations   | 5 6 7 8 9 10 11 12 | 12.1
Dodging        | 2 3 4 5 6 |  6.8
Fighting       | 1 3 4 5 6 7 |  7.8
Hexes          | 1 3 4 5 6 7 |  7.9
Translocations | 1 2 4 5 6 7 |  7.0
Evocations     | 1 |  1.5
Invocations    | 1 |  1.4
Shields        | 1 |  1.2
Stealth        | |  1.7

Action                   |  1- 3 |  4- 6 |  7- 9 | 10-12 || total
-------------------------+-------+-------+-------+-------++-------
Melee: Unarmed           |     5 |       |       |       ||     5
       Club              |     5 |     4 |       |       ||     9
       Tailslap          |     1 |    20 |    16 |    10 ||    47
       Dagger            |       |   133 |       |       ||   133
       Flail             |       |     3 |       |       ||     3
       Scythe            |       |       |   176 |     5 ||   181
       Hand axe          |       |       |       |    47 ||    47
       Quarterstaff      |       |       |       |    24 ||    24
 Cast: Magic Dart        |    55 |    79 |   322 |   202 ||   658
       Searing Ray       |     1 |     7 |    40 |   101 ||   149
       Fulminant Prism   |       |       |    12 |    68 ||    80
       Dazzling Flash    |       |       |       |     3 ||     3
 Abil: Breathe Dispellin |       |       |     1 |       ||     1
Evoke: Wand              |       |       |       |     2 ||     2
       Box of beasts     |       |       |       |     1 ||     1
       Phial of floods   |       |       |       |     1 ||     1
  Use: Scroll            |       |     9 |     4 |    12 ||    25
 Stab: Sleeping          |       |       |     1 |       ||     1
       Distracted        |       |       |       |     1 ||     1
  Eat: Chunk             |     2 |     5 |    19 |    22 ||    48
       Ration            |       |       |     2 |     3 ||     5
Armor: Skin              |     1 |    21 |   123 |    72 ||   217
Dodge: Dodged            |    11 |    67 |   225 |   301 ||   604
